 Dungeon Crawl Stone Soup version 0.31.0-12-g77e489cdc1 (webtiles) character file.

Game seed: 1879168869882179440

280 Tovical the Slasher (level 6, -5/26 (37) HPs)
             Began as a Tengu Reaver on Mar 3, 2024.
             Slain by a ribbon worm (6 damage)
             ... on level 3 of the Dungeon.
             The game lasted 00:16:17 (3318 turns).

Tovical the Slasher (Tengu Reaver)                  Turns: 3318, Time: 00:16:18

HP:   -5/26 (37)    AC:  4    Str: 14    XL:     6   Next: 27%
MP:   9/10          EV: 12    Int: 14    God:
Gold: 123           SH:  0    Dex: 12    Spells: 6/9 levels left

rFire   . . .        b - +2 hand axe (vamp)
rCold   . . .        (no shield)
rNeg    . . .        g - +0 leather armour
rPois   .            (helmet restricted)
rElec   .            e - +0 cloak
rCorr   .            (no gloves)
SInv    .            (boots unavailable)
Will    .....        (no amulet)
Stlth   +            (no ring)
HPRegen 0.24/turn    (no ring)
MPRegen 0.12/turn

%: acrobat
@: lethally poisoned (-5 -> -7), very heavily drained
A: beak, talons 3, acrobatic
a: no special abilities


You were on level 3 of the Dungeon.
You visited 1 branch of the dungeon, and saw 4 of its levels.

You collected 123 gold pieces.

Inventory:

Hand Weapons
 a - a +1 long sword of holy wrath
 b - a +2 vampiric hand axe (weapon)
Armour
 e - a +0 cloak (worn)
 g - a +0 leather armour (worn)
Scrolls
 d - a scroll of identify


   Skills:
 + Level 3.6 Fighting
 + Level 4.6 Long Blades
 + Level 3.9 Dodging
 - Level 2.0 Spellcasting
 - Level 4.0 Conjurations
 + Level 3.0 Necromancy


You had 6 spell levels left.
You knew the following spells:

 Your Spells              Type           Power      Damage    Failure   Level
a - Kiss of Death         Conj/Necr      44%        2d8       7%          1
b - Momentum Strike       Conj/Tloc      14%        3d8       21%         2

Your spell library contained the following spells:

 Spells                   Type           Power      Damage    Failure   Level
 Hailstorm                Conj/Ice       7%         3d5       36%         3
 Call Canine Familiar     Summ           1%         N/A       65%         3
 Sigil of Binding         Hex            1%         N/A       65%         3
 Dimensional Bullseye     Hex/Tloc       0%         N/A       96%         4


Dungeon Overview and Level Annotations

Branches:
Dungeon (4/15)
 Temple: D:4-7

Altars:
Cheibriados
Uskayaw
Vehumet


Innate Abilities, Weirdness & Mutations

You have a beak for a mouth.
You have claws for feet.
You can magically evade attacks while moving or waiting.


Message History

You closely miss the adder.
The adder is severely wounded.
You feel sick. The adder bites you.
* * * LOW HITPOINT WARNING * * *
You hit the adder.
You feel better.
The adder is almost dead.
You feel sick. The adder bites you.
* * * LOW HITPOINT WARNING * * *
You are lethally poisoned!
The adder poisons you! The adder bites you but does no damage.
You closely miss the adder. You peck the adder.
You kill the adder!
* * * LOW HITPOINT WARNING * * *
You feel sick.
Your Necromancy skill increases to level 3!
You aren't carrying any potions.
Casting: Kiss of Death (safe; 7% risk of failure)
Confirm with . or Enter, or press ? or * to list all spells.
Aiming: Kiss of Death (safe; 7% risk of failure)
Press: ? - help, Shift-Dir - straight line, f - ribbon worm
Aim: a ribbon worm (100% to hit)
The negative energy hits the ribbon worm!
The ribbon worm is drained!
The ribbon worm is almost dead.
You feel drained.
* * * LOW HITPOINT WARNING * * *
You feel sick.
The ribbon worm expels a string of sticky webbing.
The stream of webbing hits you but does no damage.
You are caught in a web!
You aren't carrying any potions.
As you read the scroll labelled OMAPPO YWIHO, it crumbles to dust.
You feel aware of your surroundings.
It was a scroll of revelation.
* * * LOW HITPOINT WARNING * * *
You feel sick.
The ribbon worm bites you but does no damage.
The web tears apart.
* * * LOW HITPOINT WARNING * * *
You feel sick. The ribbon worm bites you.
You die...

########################
***###...(.................
*,,.#..#####.######.######.
******,,....#####.######.#
####.
#*,,,,,,,.##....##....#...#
#..).
,,,******######.#####.#.###
#.##. ****
###..##w#####.#.#####.##.
#....##.@.....#.......##.
#.#.####################.
#.#.###.......#.......##.
*******
#.#..##.#####.#.#####.##.
*,,,,,* #.#####.#####.#.###
#.##. #.....*
#.##....###...#...# #....
#....,* #....######.#####.#
##### .....,*
###########.#####.# ....g,*
#.....# #..#


You could see a ribbon worm (catching breath, drained).

Vanquished Creatures
  An orc priest (D:3)
  Jessica (D:3)
  An orc wizard (D:3)
  3 gnolls (D:3)
  10 adders
  2 dart slugs (D:2)
  2 ribbon worms
  9 orcs (D:3)
  2 ball pythons (D:1)
  5 endoplasms
  A giant cockroach (D:3)
  4 goblins
  6 hobgoblins
  6 jackals (D:2)
  6 kobolds
  2 bats
  A frilled lizard (D:2)
  5 rats
67 creatures vanquished.

Notes
Turn   | Place    | Note
-------+----------+-------------------------------------------
     0 | D:1      | Tovical the Tengu Reaver began the quest for the Orb.
     0 | D:1      | Reached XP level 1. HP: 12/12 MP: 4/4
   107 | D:1      | You fall into a shaft and drop 1 floor!
   115 | D:2      | Reached XP level 2. HP: 14/17 MP: 4/6
   266 | D:1      | Reached skill level 1 in Necromancy
   350 | D:1      | Found a faded altar of an unknown god.
   537 | D:1      | Reached XP level 3. HP: 22/22 MP: 7/7
  1198 | D:2      | Reached XP level 4. HP: 15/24 MP: 6/8
  1343 | D:3      | Noticed Jessica
  1505 | D:2      | Learned a level 2 spell: Momentum Strike
  2046 | D:3      | HP: 1/24 [orc wizard/magic dart (9)]
  2050 | D:3      | Reached XP level 5. HP: 2/27 MP: 7/9
  2202 | D:3      | Killed Jessica
  2588 | D:3      | Reached XP level 6. HP: 7/34 MP: 8/10
  2591 | D:3      | HP: 1/34 [orc/+0 flail (4)]
  2808 | D:3      | Found a radiant altar of Vehumet.
  2811 | D:3      | Found a hide-covered altar of Uskayaw.
  3042 | D:3      | Found a snail-covered altar of Cheibriados.
  3317 | D:3      | HP: 1/26 [poisoned by an adder]
  3318 | D:3      | Slain by a ribbon worm

Illustrated notes

Levels and vault maps discovered:
D:1:      lemuel_arrival_hallway, layout_basic,
          shapermc_ecumenical_altar_mp_urbaneastern, minmay_pentomino_v4
D:2:      layout_basic, st_stairs_13, kennysheep_donut
D:3:      layout_loops_cross, lemuel_round_altar, nicolae_overflow_squiral,
          serial_co_window_serial, co_window_cross_1, co_window_paths_a,
          co_window_paths_a, co_window_paths_b, co_window_corner_a,
          co_window_corner_b, co_window_unsneaky_path_b, co_window_2corner,
          co_window_2corner, co_window_corner_cb, co_window_4corner_a,
          glass_columns_b, glass_columns_a, glass_columns_a, uniq_jessica
D:4:      minmay_chambers_of_threes, layout_basic, serial_bayou_crossing

Skill      XL: |  1  2  3  4  5  6 |
---------------+-------------------+-----
Necromancy     | 1 2 3 |  3.0
Dodging        | 3 |  3.9
Long Blades    | 4 |  4.6
Fighting       | 3 |  3.6
Spellcasting   | |  2.0
Conjurations   | |  4.0

Action                     |  1- 3 |  4- 6 || total
---------------------------+-------+-------++-------
  Melee: Falchion          |    46 |    35 ||    81
         Kick              |    10 |    37 ||    47
         Peck              |     6 |    20 ||    26
         Hand axe          |       |   111 ||   111
         Punch             |       |     2 ||     2
   Cast: Kiss of Death     |     2 |     5 ||     7
    Use: Scroll            |       |     7 ||     7
         Potion            |       |     5 ||     5
   Stab: Sleeping          |     1 |       ||     1
 Armour: Leather armour    |    18 |    98 ||   116
  Dodge: Dodged            |    43 |   132 ||   175
